 Dungeon Crawl Stone Soup version 0.25-a0-739-g5222f23 (webtiles) character file.

Game seed: 9832775970974772150, levelgen mode: deterministic

18 dickjones the Ruffian (level 2, -3/29 HPs)
             Began as an Ogre Transmuter on Apr 12, 2020.
             Slain by a centaur (9 damage)
             ... on level 2 of the Dungeon.
             The game lasted 00:06:17 (1013 turns).

dickjones the Ruffian (Ogre Transmuter)             Turns: 1013, Time: 00:06:18

Health: -3/29      AC:  3    Str: 13    XL:     2   Next: 66%
Magic:  2/5        EV: 10    Int: 14    God:
Gold:   109        SH:  0    Dex:  9    Spells: 2/5 levels left

rFire    . . .     SeeInvis .     - Unarmed
rCold    . . .     Gourm    .   (no shield)
rNeg     . . .     Faith    .   b - +0 robe
rPois    .         Spirit   .   (helmet restricted)
rElec    .         Reflect  .   (no cloak)
rCorr    .         Harm     .   (gloves unavailable)
MR       .....                  (boots unavailable)
Stlth    +.........             (no amulet)
HPRegen  0.09/turn              (no ring)
MPRegen  0.09/turn              (no ring)

@: appendage (expiring)
A: large, unfitting armour, talons 3, tough skin 1
a: End Transformation


You were on level 2 of the Dungeon.
You were not hungry.
You had grown temporary talons.
You visited 1 branch of the dungeon, and saw 2 of its levels.

You collected 109 gold pieces.

Inventory:

Missiles
 a - 31 arrows
 k - 10 poisoned darts (quivered)
Armour
 b - a +0 robe (worn)
 n - a +0 buckler
Scrolls
 f - a scroll of immolation
 h - a scroll of teleportation {unknown}
 i - a scroll of amnesia {unknown}
 l - a scroll of remove curse {unknown}
 m - a scroll of enchant weapon {unknown}
Potions
 g - 3 potions of curing {unknown}
Comestibles
 c - a chunk of flesh
 d - 3 rations


   Skills:
 + Level 2.6 Fighting
 - Level 1.7 Dodging
 - Level 3.1 Unarmed Combat
 - Level 2.4 Spellcasting
 + Level 1.7 Transmutations


You had 2 spell levels left.
You knew the following spells:

 Your Spells              Type           Power        Failure   Level  Hunger
a - Beastly Appendage     Tmut           #.....       11%         1    #......
b - Sticks to Snakes      Tmut           #.......     17%         2    ###....

Your spell library contained the following spells:

 Spells                   Type           Power        Failure   Level  Hunger
 Spider Form              Tmut/Pois      #.........   43%         3    ###....
 Ice Form                 Ice/Tmut       #.......     85%         4    #####..
 Blade Hands              Tmut           #.........   97%         5    ######.


Dungeon Overview and Level Annotations

Branches:
Dungeon (2/15)

Altars:


Innate Abilities, Weirdness & Mutations

You are too large for most types of armour.
You have tough skin. (AC +1)
You have claws for feet.


Message History

The centaur is severely wounded.
The centaur hits you but does no damage.
Your adder bites the centaur.
The centaur hits your adder.
You hit the centaur but do no damage. Your kick misses the centaur.
The centaur is almost dead.
Your adder barely misses the centaur.
The centaur misses you.
You closely miss the centaur. Your kick misses the centaur.
The centaur is almost dead.
Your adder closely misses the centaur.
The centaur closely misses you.
You hit the centaur but do no damage. You claw the centaur.
The centaur is almost dead.
The centaur hits you.
* * * LOW HITPOINT WARNING * * *
Your adder closely misses the centaur.
The centaur hits you.
* * * LOW HITPOINT WARNING * * *
Your adder bites the centaur.
You hit the centaur but do no damage. Your kick misses the centaur.
The centaur is almost dead.
The centaur hits you!
You die...

#......#
#[.....#
#......###
+...g.....
#......#
+......+
#......#
####.#.#...
#@##.#
#c##.#
#S...#
######


You could see a centaur and a friendly adder.

Vanquished Creatures
  A dart slug (D:1)
  A leopard gecko (D:1)
  2 goblins
  2 kobolds (D:1)
  5 bats
  A frilled lizard (D:1)
  2 rats (D:1)
14 creatures vanquished.

Notes
Turn   | Place    | Note
-------+----------+-------------------------------------------
     0 | D:1      | dickjones the Ogre Transmuter began the quest for the Orb.
     0 | D:1      | Reached XP level 1. HP: 19/19 MP: 3/3
   206 | D:1      | Reached XP level 2. HP: 27/28 MP: 5/5
   271 | D:1      | Learned a level 2 spell: Sticks to Snakes
   276 | D:1      | Reached skill level 3 in Unarmed Combat
   923 | D:2      | Noticed a centaur
  1013 | D:2      | Slain by a centaur

Levels and vault maps discovered:
D:1:      dpeg_arrival_tiny_i, layout_loops_corners, grunt_decor_cap
D:2:      layout_basic

Skill      XL: |  1  2 |
---------------+-------+-----
Fighting       | 2 |  2.6
Unarmed Combat | 3 |  3.1
Dodging        | |  1.7
Spellcasting   | |  2.4
Transmutations | |  1.7

Action                   || total
-------------------------++-------
Melee: Unarmed           ||    66
       Kick              ||     2
       Headbutt          ||     2
 Cast: Beastly Appendage ||     3
       Sticks to Snakes  ||     1
  Use: Scroll            ||     2
Armor: Robe              ||    26
Dodge: Dodged            ||    39

Table legend:
 A = Non-vault XP
 B = Vault XP
 C = Vault XP percentage of total XP
 D = Non-vault monster count
 E = Vault monster count
 F = Vault count percentage of total count
                 A         B        C        D         E       F
            +---------+---------+-------+---------+---------+-------
      Total |      26 |       0 |   0.0 |      14 |       0 |   0.0
            +---------+---------+-------+---------+---------+-------
        D:1 |      21 |       0 |   0.0 |      11 |       0 |   0.0
        D:2 |       5 |       0 |   0.0 |       3 |       0 |   0.0
            +---------+---------+-------+---------+---------+-------
